 Dungeon Crawl Stone Soup version 0.28-a0-664-gc179e30c89 (webtiles) character file.

Game seed: 11400721946379269800

16072 flotson the Fighter (level 12, -2/102 HPs)
             Began as a Demonspawn Delver on Oct 15, 2021.
             Was an Initiate of Gozag.
             Slain by a fire elemental (5 damage)
             ... on level 9 of the Dungeon.
             The game lasted 00:37:04 (16792 turns).

flotson the Fighter (Demonspawn Delver)            Turns: 16792, Time: 00:37:06

Health: -2/102     AC: 16    Str: 18    XL:     12   Next: 6%
Magic:  12/12      EV:  8    Int: 12    God:    Gozag
Gold:   1473       SH: 13    Dex: 14    Spells: 11/11 levels left

rFire   + . .      SeeInvis .   a - +2 hand axe (drain)
rCold   + . .      Faith    .   E - +0 tower shield
rNeg    . . .      Spirit   .   w - +0 scale mail
rPois   +          Reflect  .   n - +2 helmet
rElec   +          Harm     .   (no cloak)
rCorr   +          Rampage  .   v - +0 pair of gloves
Will    .....                   p - +0 pair of boots
Stlth   +.........              h - amulet of the acrobat
HPRegen 0.27/turn               (no ring)
MPRegen 0.13/turn               (no ring)

@: mighty, resistant, weak-willed, gold aura
A: icy blue scales 2, demonic guardian 2, demonic magic 2
a: Renounce Religion, Potion Petition, Call Merchant, Bribe Branch


You were on level 9 of the Dungeon.
You worshipped Gozag.
Gozag was most pleased with you.
You visited 2 branches of the dungeon, and saw 10 of its levels.
You also visited: Bailey.

You collected 1636 gold pieces.
You spent 99 gold pieces at shops.
You paid 64 gold pieces to Gozag.

Inventory:

Hand Weapons
 a - a +2 hand axe of draining (weapon)
 b - a +0 trident of venom
Missiles
 t - 22 javelins (quivered)
 H - a throwing net
Armour
 n - a +2 helmet (worn)
 p - a +0 pair of boots (worn)
 v - a +0 pair of gloves (worn)
 w - a +0 scale mail (worn)
 E - a +0 tower shield (worn)
Jewellery
 h - an amulet of the acrobat (around neck)
 C - a ring of ice
Wands
 g - a wand of digging (7)
 A - a wand of polymorph (10)
 F - a wand of flame (27)
Scrolls
 c - 2 scrolls of fog
 d - 3 scrolls of teleportation
 e - 3 scrolls of fear
 f - 4 scrolls of identify
 k - 5 scrolls of amnesia
 l - a scroll of noise {unknown}
 m - 3 scrolls of magic mapping
 r - a scroll of silence {unknown}
 u - a scroll of blinking {unknown}
 x - a scroll of enchant armour {unknown}
 y - a scroll of enchant weapon {unknown}
 z - a scroll of immolation {unknown}
 D - 3 scrolls of vulnerability
Potions
 i - a potion of might
 q - a potion of brilliance {unknown}
 s - a potion of ambrosia {unknown}
 B - a potion of flight


   Skills:
 + Level 11.9 Fighting
 + Level 5.6 Axes
 + Level 5.2 Throwing
 + Level 6.5 Armour
 + Level 6.9 Dodging
 - Level 4.5 Stealth
 + Level 5.1 Shields
 + Level 5.7 Evocations


You had 11 spell levels left.
You didn't know any spells.
Your spell library contained the following spells:

 Spells                   Type           Power      Damage    Failure   Level
 Pain                     Necr           0%         1d4       100%        1
 Static Discharge         Conj/Air       0%         N/A       100%        2
 Hailstorm                Conj/Ice       0%         3d3       100%        4
 Ice Form                 Ice/Tmut       0%         N/A       100%        4
 Agony                    Necr           0%         N/A       100%        5
 Excruciating Wounds      Necr           0%         N/A       100%        5
 Lightning Bolt           Conj/Air       0%         1d11      100%        5
 Simulacrum               Ice/Necr       0%         N/A       100%        6
 Maxwell's Capacitive Co  Air            0%         ∞         100%        8


Dungeon Overview and Level Annotations

Branches:
Dungeon (9/15)             Temple (1/1) D:4          Bailey (visited)
   Lair: D:8-11         Orc: D:9-12

Altars:
Ashenzari
Cheibriados
Dithmenos
Gozag
Kikubaaqudgha
Makhleb
Nemelex Xobeh
Okawaru
Qazlal
Ru
Sif Muna
Trog
Vehumet
Wu Jian
Xom
The Shining One
Beogh

Shops:
D:5 !   D:7 :   D:8 (

Annotations:
D:8 Joseph
D:9 1 transporter


Innate Abilities, Weirdness & Mutations

You are mostly covered in icy blue scales. (AC +3)
A demonic guardian rushes to your aid.
Spells you cast may paralyse nearby enemies.


Message History

The fire bat bites you but does no damage.
Your rust devil hits the fire bat.
The fire bat dies!
You barely miss the fire elemental.
The fire elemental is almost destroyed.
The fire bat is no longer distracted by gold.
The hell hound closely misses your rust devil.
The fire bat bites you.
* * * LOW HITPOINT WARNING * * *
You are engulfed in flames.
You resist.
* * * LOW HITPOINT WARNING * * *
The fire elemental barely misses your rust devil.
You block the fire elemental's attack. The hell hound bites your rust devil.
Your rust devil hits the hell hound.
The hell hound seems to be corroded for longer.
The fire bat bites you but does no damage.
The fire elemental hits your rust devil.
You block the fire elemental's attack. The hell hound bites your rust devil.
Your rust devil dies!
Your rust devil disappears in a puff of smoke!
The hell hound barks!
You feel better. You block the fire bat's attack. x2
The fire elemental hits you. The fire elemental burns you! You resist.
* * * LOW HITPOINT WARNING * * *
You block the fire elemental's attack.
Unknown command.
As you read the scroll of fear, it crumbles to dust.
You assume a fearsome visage.
The fire bat looks frightened!
The fire elemental is unaffected. x2; The fire elemental barely misses you.
The hell hound stops to sniff the ground.
The fire elemental is distracted by your dazzling golden aura.
The fire elemental hits you. The fire elemental burns you! You resist.
* * * LOW HITPOINT WARNING * * *
As you read the scroll labelled SATZEUT BAVY, it crumbles to dust.
The fire elemental is no longer distracted by gold.
Your attack snaps the fire bat out of its fear.
Magic quickly surges around you.
It was a scroll of vulnerability.
The fire elemental hits you. The fire elemental burns you! You resist.
You die...
Your body crumbles into a pile of gold.

......#...≈≈≈≈≈≈≈.........#...#..
......#...................#...#'#
......+..........#.########......
......#....#########,°☼°○##...##.
......#....##○°°°°.#○°○☼.#######.
....<.#....>#°○☼○☼○#○.○○○##......
......'.....#°○#.#§○°☼○$?#....###
......#....©#☼☼©bEh○☼○☼$©#©...#..
......#.....#..#@#.$..○[[#....#..
......#.....#○☼☼☼E○#..☼°○##...#..
......#....##°○°○☼°#○○...##...#..
......#....#########,.☼..##...'..
......#....#..##...########...#..
......#....#..............#...#..
......#....#......######'######..
......######......#(.....######..
......#############......#....#.#


You could see 2 fire elementals, a hell hound (corroded) and a fire bat
(weak-willed).

Vanquished Creatures
  A hornet (D:9)
  Grinder (D:6)
  4 yaks (D:9)
  A fire bat (D:9)
  A steam dragon (D:8)
  Menkaure (D:6)
  A water moccasin (D:7)
  2 black bears
  8 orc warriors
  2 ice beasts
  An ogre (D:5)
  8 centaurs
  Blork the orc (D:6)
  A scorpion (D:6)
  3 bullfrogs
  A water moccasin skeleton (D:3)
  4 wights (D:8)
  5 killer bees (D:8)
  2 howler monkeys (D:7)
  3 hounds
  3 jellies (D:5)
  2 centaur zombies
  A bullfrog zombie (D:4)
  6 orc priests
  An iguana (D:6)
  5 orc wizards
  A statue (D:5)
  4 gnolls
  8 adders
  2 white imps
  3 dart slugs
  49 orcs
  4 endoplasms
  2 giant cockroaches
  11 goblins
  6 hobgoblins
  5 quokkas
  4 ball pythons
  7 bats
  5 frilled lizards
  8 kobolds
  6 rats
194 creatures vanquished.

Vanquished Creatures (collateral kills)
  A two-headed ogre (D:9)
  A centaur zombie (D:8)
  A wyvern (D:9)
  2 humans (D:7)
  A fire bat (D:9)
  An acid dragon (D:9)
  A hell hound (D:9)
  A water moccasin (D:8)
  9 orc warriors
  3 centaurs (Bailey)
  A wyvern zombie (D:8)
  A water moccasin skeleton (D:4)
  5 wights (D:7)
  An orc priest (D:8)
  An orc wizard (D:8)
  4 orcs (Bailey)
34 creatures vanquished.

Vanquished Creatures (others)
  3 plants (D:2)
  5 toadstools (D:1)
8 creatures vanquished.

Grand Total: 236 creatures vanquished

Notes
Turn   | Place    | Note
-------+----------+-------------------------------------------
     0 | D:5      | flotson the Demonspawn Delver began the quest for the Orb.
     0 | D:5      | Reached XP level 1. HP: 18/18 MP: 1/1
    25 | D:4      | Reached skill level 1 in Armour
    25 | D:4      | Gained mutation: Spells you cast may paralyse adjacent
                  | enemies. [demonic ancestry]
    25 | D:4      | Reached XP level 2. HP: 17/24 MP: 2/2
    25 | D:4      | Gained mutation: A weak demonic guardian rushes to your
                  | aid. [demonic ancestry]
    25 | D:4      | Reached XP level 3. HP: 21/29 MP: 3/3
   161 | D:4      | Gained mutation: You are partially covered in icy blue
                  | scales. (AC +2) [demonic ancestry]
   161 | D:4      | Reached XP level 4. HP: 16/37 MP: 4/4
   397 | D:4      | Noticed a black bear
   512 | D:2      | Reached skill level 4 in Fighting
   915 | D:2      | You fall into a shaft and drop 1 floor!
  1151 | D:1      | Reached XP level 5. HP: 42/42 MP: 5/5
  1509 | D:1      | Found a faded altar of an unknown god.
  2528 | D:3      | Gained mutation: Spells you cast may paralyse nearby
                  | enemies. [demonic ancestry]
  2528 | D:3      | Reached XP level 6. HP: 44/49 MP: 6/6
  3143 | D:4      | Reached skill level 5 in Fighting
  3147 | D:4      | Reached XP level 7. HP: 55/56 MP: 7/7
  3200 | D:4      | Found a broken altar of Ashenzari.
  3337 | D:4      | Found a staircase to the Ecumenical Temple.
  3343 | Temple   | Entered the Ecumenical Temple
  3349 | Temple   | Became a worshipper of Gozag Ym Sagoz the Greedy
  3586 | D:5      | Identified the +0 chain mail of the Hundredfold Lovers
                  | {rN+}
  4004 | D:5      | Found Awiuvap's Distillery.
  4014 | D:5      | Reached skill level 1 in Evocations
  4032 | D:5      | Bought a potion of curing for 33 gold pieces
  4032 | D:5      | Bought a potion of degeneration for 11 gold pieces
  4032 | D:5      | Bought a potion of heal wounds for 55 gold pieces
  4120 | D:5      | Reached skill level 1 in Throwing
  4139 | D:5      | Found a radiant altar of Vehumet.
  4221 | D:5      | Reached skill level 1 in Shields
  5056 | D:6      | Gained mutation: A demonic guardian rushes to your aid.
                  | [demonic ancestry]
  5056 | D:6      | Reached XP level 8. HP: 63/64 MP: 8/8
  5066 | D:6      | Noticed Grinder
  5074 | D:6      | Paralysed by Grinder for 2 turns
  5098 | D:6      | Killed Grinder
  5779 | D:6      | Noticed Menkaure
  5822 | D:6      | Reached skill level 5 in Dodging
  6019 | D:6      | Killed Menkaure
  6020 | D:6      | Reached skill level 6 in Fighting
  6028 | D:6      | Noticed Blork the orc
  6279 | D:6      | Killed Blork the orc
  7169 | D:7      | Found an iron altar of Okawaru.
  7189 | D:7      | Reached XP level 9. HP: 51/68 MP: 9/9
  7424 | D:7      | Found Tawnex's Book Shop.
  7521 | D:7      | Reached skill level 5 in Armour
  8306 | D:8      | Found a sparkling altar of Nemelex Xobeh.
  8306 | D:8      | Found a shimmering blue altar of Sif Muna.
  9166 | D:8      | Noticed Joseph
  9431 | D:9      | Found a transporter.
  9433 | D:9      | Found a flagged portal.
  9453 | Bailey   | Entered a bailey
  9528 | Bailey   | Reached skill level 7 in Fighting
 10104 | Bailey   | Reached XP level 10. HP: 6/79 MP: 10/10
 13166 | D:9      | Noticed a two-headed ogre
 13179 | D:9      | Killed a two-headed ogre
 13180 | D:9      | Reached skill level 5 in Axes
 13823 | D:8      | Found Gunk's Antique Weapon Shoppe.
 13845 | D:8      | Found a burning altar of Makhleb.
 13889 | D:8      | Reached skill level 5 in Evocations
 14435 | D:8      | Found an ornate altar of the Wu Jian Council.
 14444 | D:8      | Found a snail-covered altar of Cheibriados.
 15152 | D:9      | Paralysed by a hornet for 1 turns
 15457 | D:9      | Reached skill level 5 in Throwing
 15978 | D:9      | Found a transporter.
 16028 | D:9      | Reached skill level 5 in Shields
 16038 | D:9      | Reached XP level 11. HP: 37/86 MP: 11/11
 16782 | D:9      | Reached skill level 11 in Fighting
 16782 | D:9      | Gained mutation: You are mostly covered in icy blue scales.
                  | (AC +3) [demonic ancestry]
 16782 | D:9      | Reached XP level 12. HP: 22/102 MP: 12/12
 16789 | D:9      | HP: 5/102 [fire bat (4)]
 16792 | D:9      | Slain by a fire elemental

Illustrated notes

Levels and vault maps discovered:
D:1:      ldierk_walled_garden, layout_loops_cross,
          ebering_ecumenical_altar_abandoned
D:2:      layout_basic, serial_bayou_pond_e
D:3:      layout_basic
D:4:      layout_basic, cheibrodos_ashenzari_chains,
          minmay_temple_entry_enclosed_plants
D:5:      layout_basic, vehumet_statue, serial_shops, nicolae_shop_stone
D:6:      layout_gridville, serial_co_window_serial, co_window_corner_a,
          co_window_paths_a, co_window_paths_b, co_window_corner_a,
          co_window_of_opportunity_a, co_window_of_opportunity_a,
          co_window_cross_1, co_window_of_opportunity_a, co_window_paths_b,
          co_window_2corner, co_window_broadway_c, co_window_broadway_a,
          co_window_2corner, co_window_of_opportunity_b,
          co_window_unsneaky_path_e, glass_columns_c, glass_columns_c,
          glass_columns_c, glass_columns_a, uniq_blork_the_orc, uniq_menkaure,
          uniq_grinder
D:7:      layout_cave_pools, okawaru_humans, serial_shops,
          nicolae_inconvenience_store
D:8:      layout_basic, bloody_makhleb, mainiacjoe_overflow_swirl,
          gammafunk_temple_overflow_elements, special_room [special_room_orc],
          serial_shops, nicolae_square_shop, uniq_joseph
D:9:      gammafunk_cloud_chamber, layout_stronghold, enter_bailey_3
Temple:   eino_narrow_crystal_temple

Skill      XL: |  1  2  3  4  5  6  7  8  9 10 11 |
---------------+----------------------------------+-----
Armour         | 1 2 3 4 5 6 |  6.5
Dodging        | 2 3 4 5 6 |  6.9
Fighting       | 4 5 6 7 11 | 11.9
Axes           | 2 3 4 5 |  5.6
Evocations     | 1 3 4 5 |  5.7
Throwing       | 1 3 4 5 |  5.2
Shields        | 1 2 3 5 |  5.1
Stealth        | |  4.5

Action                   |  1- 3 |  4- 6 |  7- 9 | 10-12 || total
-------------------------+-------+-------+-------+-------++-------
Melee: Hand axe          |    18 |   191 |   415 |    50 ||   674
       Trident           |       |       |    58 |   199 ||   257
Throw: Javelin           |       |       |     6 |    59 ||    65
Evoke: Wand              |       |       |    14 |       ||    14
  Use: Potion            |     1 |       |    10 |     9 ||    20
       Scroll            |       |     1 |     7 |     2 ||    10
 Stab: Sleeping          |       |     4 |     2 |       ||     6
       Distracted        |       |       |     2 |       ||     2
Armor: Leather armour    |     6 |       |       |       ||     6
       Chain mail        |       |    73 |       |       ||    73
       Ring mail         |       |    57 |   183 |       ||   240
       Scale mail        |       |       |       |   136 ||   136
       Plate armour      |       |       |       |    37 ||    37
Dodge: Dodged            |     9 |   136 |   291 |   123 ||   559
Block: Buckler           |       |       |    40 |       ||    40
       Tower shield      |       |       |   192 |   242 ||   434

Table legend: (Time is in decaauts)
 A = Elapsed time spent in this place.
 B = Non-inter-level travel time spent in this place.
 C = Inter-level travel time spent in this place.
 D = Time resting spent in this place.
 E = Time spent auto-exploring this place.
 F = Levels seen in this place.
 G = Mean time per level.
                   A        B        C        D        E       F      G
               +--------+--------+--------+--------+--------+-----+--------+
         Total |  17156 |  16846 |    310 |   1405 |  11861 |  11 | 1559.6 |
       Dungeon |  13367 |  13063 |    304 |    577 |  10058 |   9 | 1485.2 |
        Temple |     12 |      6 |      6 |      0 |      0 |   1 |   12.0 |
        Bailey |   3776 |   3776 |      0 |    828 |   1802 |   1 | 3776.0 |
               +--------+--------+--------+--------+--------+-----+--------+

Top non-repeatable levels by time:
  Bailey: 3776 daAuts
     D:8: 2683 daAuts
     D:9: 2445 daAuts
     D:6: 1967 daAuts
     D:7: 1763 daAuts
     D:3: 1021 daAuts
     D:2: 963 daAuts
     D:5: 920 daAuts
     D:4: 918 daAuts
     D:1: 682 daAuts
  Temple: 12 daAuts
